 Dungeon Crawl Stone Soup version 0.31.0 (webtiles) character file.

Game seed: 17142617780090632005

21697 ssalbiz the Cleaver (level 12, -4/172 HPs)
             Began as a Minotaur Berserker on Jan 20, 2024.
             Was a High Priest of Trog.
             Slain by an orc knight
             ... wielding a +0 bardiche
              (19 damage)
             ... on level 2 of the Orcish Mines.
             The game lasted 00:22:44 (12692 turns).

ssalbiz the Cleaver (Minotaur Berserker)           Turns: 12692, Time: 00:22:45

Health: -4/172     AC: 27    Str: 30    XL:     12   Next: 56%
Magic:  0/11       EV: 11    Int:  4    God:    Trog [*****.]
Gold:   1048       SH:  0    Dex: 10    Spells: 11/11 levels left

rFire   . . .        S - +2 hand axe (vamp)
rCold   . . .        (no shield)
rNeg    . . .        R - +1 plate armour {Will+}
rPois   .            (helmet restricted)
rElec   .            K - +0 cloak
rCorr   .            x - +1 pair of gloves {Str+3}
SInv    .            P - +1 pair of boots {Stlth+}
Will    +++..        u - amulet of guardian spirit Stlth
                     L - +4 ring of slaying
HPRegen 1.48/turn    z - +4 ring of protection
MPRegen 0.12/turn

%: guardian spirit
@: berserking, strong-willed, regenerating, very quick
A: horns 2, retaliatory headbutt
a: Renounce Religion, Berserk, Trog's Hand, Brothers in Arms


You were on level 2 of the Orcish Mines.
You worshipped Trog.
Trog was extremely pleased with you.
You visited 2 branches of the dungeon, and saw 13 of its levels.
You also visited: Sewer and Bailey.

You collected 1640 gold pieces.
You spent 592 gold pieces at shops.

Inventory:

Hand Weapons
 I - a +0 hand axe of venom
 S - a +2 vampiric hand axe (weapon)
Missiles
 r - 2 throwing nets
 C - 18 curare-tipped darts (quivered)
 N - 8 poisoned darts
Armour
 t - a +1 robe of resistance
 x - a +1 pair of gloves of strength (worn)
 K - a +0 cloak (worn)
 P - a +1 pair of boots of stealth (worn)
 R - a +1 plate armour of willpower (worn)
Jewellery
 l - an amulet of magic regeneration
 s - a ring of flight
 u - an amulet of guardian spirit (around neck)
 z - a +4 ring of protection (right hand)
 L - a +4 ring of slaying (left hand)
 O - a +5 ring of evasion
Wands
 q - a wand of mindburst (8)
 v - a wand of acid (11)
 J - a wand of charming (16)
 M - a wand of roots (22)
Scrolls
 b - a scroll of immolation {unknown}
 c - a scroll of poison {unknown}
 d - a scroll of identify
 g - 4 scrolls of vulnerability {unknown}
 h - 3 scrolls of fear {unknown}
 i - 2 scrolls of enchant armour {unknown}
 j - 3 scrolls of teleportation {unknown}
 p - a scroll of torment {unknown}
 w - a scroll of enchant weapon {unknown}
 y - 5 scrolls of blinking {unknown}
 B - a scroll of amnesia {unknown}
 G - a scroll of brand weapon {unknown}
 H - 2 scrolls of revelation {unknown}
 Q - a scroll of butterflies {unknown}
Potions
 a - a potion of lignification
 e - 5 potions of heal wounds
 f - a potion of cancellation
 k - a potion of attraction
 m - 4 potions of enlightenment
 n - 4 potions of curing
 o - 3 potions of haste
 A - 3 potions of ambrosia
 D - 3 potions of degeneration
 E - a potion of brilliance
 F - a potion of might


   Skills:
 + Level 13.0 Fighting
 - Level 14.0 Axes
 + Level 12.5 Armour
 + Level 11.5 Dodging


You had 11 spell levels left.
You didn't know any spells.
Your spell library was empty.

Dungeon Overview and Level Annotations

Branches:
Dungeon (11/15)            Temple (0/1) D:6            Lair (0/5) D:9
    Orc (2/2) D:9             Elf (0/3) Orc:2         Sewer (visited)
 Bailey (visited)

Altars:
Dithmenos
Fedhas
Hepliaklqana
Makhleb
Nemelex Xobeh
Okawaru
Qazlal
Ru
Uskayaw
Xom
Yredelemnul
The Shining One

Shops:
D:5 *   D:8 (*[   Orc:2 (([(

Annotations:
D:9 6 transporters


Innate Abilities, Weirdness & Mutations

You have a pair of horns on your head.
You reflexively headbutt those who attack you in melee.


Message History

Unknown command.
You slash the orc warrior! You headbutt the orc warrior.
The orc warrior is almost dead.
You hit the orc knight but do no damage.
You hit the warg.
You feel better.
You slash the orc knight!
You feel better.
The orc knight is heavily wounded.
You slash the orc warrior!
You feel better.
You kill the orc warrior!
Trog accepts your kill.
You barely miss the warg. The warg bites you.
The orc knight hits you from afar with a +0 bardiche!
* * * LOW HITPOINT WARNING * * *
The orc knight hits you with a +0 long sword!!
* * * LOW HITPOINT WARNING * * *
Your Fighting skill increases to level 13!
You slice the warg!!
You kill the warg!
Trog accepts your kill.
You hit the orc knight.
You feel better.
You hit the orc.
You feel better.
You slash the orc!
You feel better.
You feel the power of Trog in you as your rage grows.
You kill the orc!
Trog accepts your kill.
You slash the orc knight!
You feel better.
You hit the orc knight but do no damage.
You headbutt the orc knight.
The orc knight is almost dead.
The orc knight hits you from afar with a +0 bardiche!!
* * * LOW HITPOINT WARNING * * *
The orc knight barely misses you.
You closely miss the orc high priest. You hit the orc knight.
You feel better.
Unknown command.
You slash the orc knight!
You feel better.
You kill the orc knight!
Trog accepts your kill.
You completely miss the orc high priest.
You slash the chaos spawn!
The orc knight hits you from afar with a +0 bardiche!!
You die...

##.###########..##.#.##
#.....#...'..[....#.#..
#.....#...#.#..#.......
#..#..#).####.........8
#..#....(###.....#....8
#..#.....##....#.....#.
######'###.....#..#..#.
#.# #.....#.##..∩. #@#
#.....#.....∩.
#4o)###...##.#..#.8
.o.K..##...#.....#.#
........##...#........
..........#....##....#∩.
#∩..##...##.....#....^∩.
#### ##+###.....#....#..
##....#.....#.
##..)...#...#


You could see an orc knight (strong), an orc high priest (strong), a kobold
blastminer and a chaos spawn (summoned).

Vanquished Creatures
  2 two-headed ogres (D:11)
  An orc high priest (Orc:2)
  Pikel (D:8)
  6 orc knights (Orc:2)
  Maurice (D:8)
  An ugly thing (D:11)
  3 orc sorcerers (Orc:2)
  2 cyclopes
  2 kobold blastminers (Orc:1)
  An unseen horror (D:10)
  2 kobold demonologists (D:10)
  A komodo dragon (D:10)
  6 trolls
  2 saltlings (Orc:2)
  2 hornets (D:8)
  Prince Ribbit (D:7)
  A shadow (D:7)
  A wraith (D:9)
  3 wyverns
  Eustachio (D:4)
  14 yaks
  3 wargs (Orc:2)
  3 steam dragons
  Menkaure (D:7)
  A water moccasin (D:8)
  3 ice beasts
  A sky beast (D:7)
  17 orc warriors
  A black bear (D:5)
  5 ogres
  4 centaurs
  4 lemures (D:8)
  10 kobold brigands
  4 bullfrogs
  A gnoll sergeant (D:8)
  A scorpion (D:5)
  11 wights
  13 killer bees
  6 howler monkeys
  A bombardier beetle (D:4)
  2 jellies
  11 orc priests
  A sleepcap (D:7)
  3 gnoll boudas
  A hound (D:5)
  2 iguanas
  Ijyb (D:4)
  11 orc wizards
  2 hound zombies (D:4)
  Robin (D:4)
  17 gnolls
  13 adders
  3 river rats (Sewer)
  A shadow imp (D:7)
  2 ufetubi (D:6)
  3 dart slugs
  6 ribbon worms
  44 orcs
  6 bats
  5 endoplasms
  5 giant cockroaches
  10 goblins
  5 hobgoblins
  4 jackals (D:4)
  3 quokkas
  4 ball pythons
  5 frilled lizards
  30 kobolds
  5 rats
350 creatures vanquished.

Vanquished Creatures (collateral kills)
  A kobold brigand (Bailey)
1 creature vanquished.

Grand Total: 351 creatures vanquished

Notes
Turn   | Place    | Note
-------+----------+-------------------------------------------
     0 | D:1      | ssalbiz the Minotaur Berserker began the quest for the Orb.
     0 | D:1      | Reached XP level 1. HP: 19/19 MP: 0/0
   186 | D:1      | Reached skill level 4 in Axes
   186 | D:1      | Reached XP level 2. HP: 26/26 MP: 1/1
   988 | D:2      | Reached skill level 5 in Axes
   988 | D:2      | Reached XP level 3. HP: 28/31 MP: 2/2
  1624 | D:3      | Reached skill level 6 in Axes
  1624 | D:3      | Reached XP level 4. HP: 35/39 MP: 3/3
  1660 | D:3      | Reached ** piety under Trog
  1715 | D:3      | Found a faded altar of an unknown god.
  2059 | D:3      | Reached skill level 7 in Axes
  2059 | D:3      | Reached XP level 5. HP: 44/45 MP: 4/4
  2307 | D:3      | Found a shadowy altar of Dithmenos.
  2551 | D:4      | Noticed Eustachio
  2553 | D:4      | Reached skill level 8 in Axes
  2576 | D:4      | Killed Eustachio
  2577 | D:4      | Reached skill level 9 in Axes
  2577 | D:4      | Reached XP level 6. HP: 37/51 MP: 5/5
  2829 | D:4      | Found a basalt altar of Yredelemnul.
  2951 | D:4      | Noticed Ijyb
  2952 | D:4      | Noticed Robin
  2961 | D:4      | Killed Robin
  2982 | D:4      | Killed Ijyb
  3153 | D:4      | Reached XP level 7. HP: 57/57 MP: 6/6
  3175 | D:4      | Reached skill level 10 in Axes
  3397 | D:4      | Reached *** piety under Trog
  3518 | D:4      | Found an iron altar of Okawaru.
  3520 | D:4      | Found a blossoming altar of Fedhas.
  3524 | D:4      | Found a shimmering altar of Xom.
  3642 | D:5      | Entered Level 5 of the Dungeon
  3793 | D:5      | Found Afoilaoji's Assorted Antiques.
  3796 | D:5      | Bought a pair of embroidered gloves for 172 gold pieces
  3920 | D:5      | Found a glowing golden altar of the Shining One.
  3974 | D:5      | Reached skill level 11 in Axes
  4000 | D:5      | Reached XP level 8. HP: 32/64 MP: 7/7
  4505 | D:5      | Reached skill level 12 in Axes
  4671 | D:6      | Found a glowing drain.
  4685 | Sewer    | Entered a sewer
  4980 | Sewer    | Reached **** piety under Trog
  5034 | Sewer    | Reached skill level 13 in Axes
  5179 | D:6      | Found a staircase to the Ecumenical Temple.
  5449 | D:6      | Found a hide-covered altar of Uskayaw.
  5473 | D:6      | Reached skill level 14 in Axes
  5523 | D:6      | Reached XP level 9. HP: 68/71 MP: 8/8
  5949 | D:7      | Noticed Prince Ribbit
  5958 | D:7      | Killed Prince Ribbit
  6107 | D:7      | Reached skill level 5 in Fighting
  6188 | D:7      | Noticed Menkaure
  6210 | D:7      | Killed Menkaure
  6361 | D:7      | Found a hazy altar of Hepliaklqana.
  6401 | D:7      | Reached skill level 5 in Armour
  6726 | D:7      | Found a sparkling altar of Nemelex Xobeh.
  6939 | D:8      | Found Baysish's Weapon Shoppe.
  6944 | D:8      | Paralysed by a hornet for 2 turns
  6946 | D:8      | Reached skill level 5 in Dodging
  7082 | D:8      | Noticed Maurice
  7097 | D:8      | Something stole a ring of ice
  7101 | D:8      | Something stole 2 throwing nets
  7106 | D:8      | Something stole 141 gold
  7118 | D:8      | Killed Maurice
  7119 | D:8      | Reached XP level 10. HP: 58/86 MP: 1/9
  7279 | D:8      | Reached ***** piety under Trog
  7564 | D:8      | Noticed Pikel
  7572 | D:8      | Killed Pikel
  7761 | D:8      | Found Jumeday's Assorted Antiques.
  7804 | D:8      | Found Gahuj's Armour Shoppe.
  7893 | D:9      | Found a flagged portal.
  7902 | Bailey   | Entered a bailey
  8338 | Bailey   | Identified the +0 ring mail of Inviolability {rC- rCorr
                  | Dex+5}
  8390 | Bailey   | Found an iron altar of Okawaru.
  8498 | D:9      | Found a staircase to the Orcish Mines.
  8634 | D:9      | Found a transporter.
  8641 | D:9      | Found a transporter.
  8739 | D:9      | Found a transporter.
  8761 | D:9      | Found a staircase to the Lair.
  8772 | D:9      | Found a transporter.
  9119 | D:9      | Found a stormy altar of Qazlal.
  9119 | D:9      | Found a sacrificial altar of Ru.
  9120 | D:9      | Found a burning altar of Makhleb.
  9167 | D:9      | Found a transporter.
  9173 | D:9      | Found a transporter.
  9193 | D:9      | Reached XP level 11. HP: 97/97 MP: 8/10
  9290 | D:10     | Entered Level 10 of the Dungeon
  9429 | D:10     | Reached skill level 10 in Fighting
  9896 | D:10     | Reached skill level 10 in Armour
 10050 | D:11     | Noticed a white ugly thing
 10060 | D:11     | Killed a white ugly thing
 10239 | D:11     | Received a gift from Trog
 10437 | D:11     | Noticed a two-headed ogre
 10448 | D:11     | Killed a two-headed ogre
 10452 | D:11     | Reached skill level 10 in Dodging
 10575 | D:11     | Noticed a two-headed ogre
 10583 | D:11     | Killed a two-headed ogre
 11222 | D:8      | Bought a +1 plate armour of willpower for 420 gold pieces
 11275 | Orc:1    | Entered Level 1 of the Orcish Mines
 11863 | Orc:2    | Entered Level 2 of the Orcish Mines
 11863 | Orc:2    | Found Tirienia's Antique Armour Shop.
 11863 | Orc:2    | Found a staircase to the Elven Halls.
 11956 | Orc:2    | Noticed an orc sorcerer
 11966 | Orc:2    | Killed an orc sorcerer
 11967 | Orc:2    | Reached XP level 12. HP: 112/112 MP: 11/11
 12119 | Orc:2    | Noticed an orc high priest
 12138 | Orc:2    | Killed an orc high priest
 12215 | Orc:2    | Found Caxicism's Weapon Shop.
 12655 | Orc:2    | Found Jeos's Weapon Shoppe.
 12674 | Orc:2    | Found Jioqasoj's Weapon Boutique.
 12677 | Orc:2    | Noticed an orc high priest
 12690 | Orc:2    | HP: 8/172 [orc knight/+0 bardiche (26)]
 12692 | Orc:2    | Slain by an orc knight

Illustrated notes

Levels and vault maps discovered:
D:1:      dpeg_arrival_tiny_a, layout_loops_corners, kennysheep_crisscross
D:2:      layout_loops_ring, minmay_surrounded
D:3:      minmay_recursive_quarters, layout_loops_ring, grunt_dithmenos_smoke,
          hellmonk_ecumenical_altar_inner_sanctum, minmay_strange_pillars
D:4:      layout_basic, grunt_temple_overflow_diamond,
          lemuel_zombie_altar_yredelemnul, nicolae_goblin_pals, uniq_eustachio
D:5:      layout_loops_ring, lemuel_coloured_pillars_altar, serial_bayou,
          serial_bayou_pond_e, serial_bayou_shore_b, serial_bayou_crossing,
          serial_bayou_pond_b, serial_shops, shop, minmay_misc_feat_four_crosses
D:6:      layout_loops_ring, amcnicky_altar_gilded,
          minmay_temple_entry_drinking_statues, cheibrodos_sewer_entry_drain,
          corexii_checkpoint
D:7:      layout_loops_cross, mainiacjoe_overflow_surrounded_room,
          mainiacjoe_overflow_tiny_flanked, due_unseen_surprise, uniq_menkaure,
          uniq_prince_ribbit1
D:8:      kennysheep_ambush_hall, layout_rooms, serial_shops,
          nicolae_shop_waterfront, nicolae_square_shop, nicolae_shop_trees,
          uniq_maurice, uniq_pikel
D:9:      layout_small_grid, gammafunk_temple_overflow_claw, lair_entry_dummy,
          david_orc_2, enter_bailey_2, serial_nicolae_subway,
          nicolae_sub_station_crystal, nicolae_sub_station_stone,
          nicolae_sub_station_metal
D:10:     layout_roguey
D:11:     layout_irregular_city, david_defended_altar_orc
Orc:1:    layout_caves
Orc:2:    hellmonk_orc_salted, layout_caves, basic_altar, serial_shops,
          nicolae_square_shop, nicolae_shop_just_a_little_nook

Skill      XL: |  1  2  3  4  5  6  7  8  9 10 11 12 |
---------------+-------------------------------------+-----
Axes           | 4 5 6 7 9 11 14 | 14.0
Fighting       | 4 7 9 11 13 | 13.0
Armour         | 6 9 11 12 | 12.5
Dodging        | 5 8 10 11 | 11.5

Action                     |  1- 3 |  4- 6 |  7- 9 | 10-12 || total
---------------------------+-------+-------+-------+-------++-------
  Melee: Hand axe          |    64 |   141 |   358 |   508 ||  1071
         Headbutt          |    10 |    18 |    58 |   125 ||   211
         Punch             |       |       |     5 |     6 ||    11
  Throw: Dart              |       |       |     1 |     4 ||     5
 Invoke: Berserk           |       |     3 |     3 |     3 ||     9
         Trog's Hand       |       |       |     1 |     2 ||     3
         Brothers in Arms  |       |       |       |     1 ||     1
    Use: Scroll            |       |       |       |    11 ||    11
 Armour: Animal skin       |     9 |       |       |       ||     9
         Ring mail         |    12 |    55 |       |       ||    67
         Robe              |       |    13 |   129 |   173 ||   315
         Plate armour      |       |       |       |   131 ||   131
  Dodge: Dodged            |    43 |   123 |   186 |   232 ||   584
